AoeStats
← nidia.arfanotti

Arabia

510042646Analyzed
2v2 RM · 2d ago on Sep 29, 2026· 24m 24s· 4 players
Game mode
Random Map
Map size
Medium (4 player)
Population
200
Speed
Normal
Resources
Standard
Victory
Conquest
Starting age
Dark Age
Ending age
Imperial Age
RankedLock teamsTeams togetherTeam positionsShared explorationLock speedFull tech treeHidden civsTurbo modeCheats
Victory
Defeat
🇦🇷 Japanese · Argentina
831
+16
🇦🇷 Spanish · Argentina
820
+17
🇦🇷 Khmer · Argentina
859
-49
🇦🇺 Huns · Australia
805
-15
PERRENKEBEBE
8:05 Loom
11:26 Feudal Age
16:54 Castle Age
15:54 Double-Bit Axe
17:33 Man-at-Arms
18:54 Bow Saw
20:17 Squires
20:57 Scale Mail Armor
23:06 Pikeman
criskush
7:20 Loom
10:56 Feudal Age
11:32 Double-Bit Axe
20:45 Castle Age
18:47 Gold Mining
18:52 Stone Mining
23:23 Forging
23:29 Scale Barding Armor
mund
4:46 Loom
10:18 Feudal Age
10:55 Double-Bit Axe
11:24 Horse Collar
16:46 Wheelbarrow
19:12 Castle Age
17:15 Gold Mining
18:10 Bloodlines
19:26 Scale Barding Armor
20:12 Husbandry
20:47 Chain Barding Armor
20:58 Heavy Plow
22:34 Light Cavalry
nidia.arfanotti
12:24 Loom
15:40 Feudal Age
17:16 Double-Bit Axe
19:02 Horse Collar
19:20 Gold Mining
24:20 Bloodlines
Connection lost

Rejoining the realm…

Still unreachable

The connection could not be restored.

Session expired

The server has moved on; the page needs a fresh start.